SA
BELLEVUE BRUINS @ SYRACUSE STORM
09/04/2028
 
TOP OF THE 1ST
Bellevue Bruins batting - Pitching for Syracuse Storm : RHP Matthew Fallows
Pitching: RHP Matthew Fallows
Batting: RHB Ernesto Trevino 0-0: Ball
1-0: Called Strike
1-1: Swinging Strike
1-2: Ball
2-2: Strikes out swinging
Batting: LHB Domingo Colón 0-0: Ball
1-0: Ball
2-0: Called Strike
2-1: Foul Ball, location: 2F
2-2: Ground out U3 (Groundball, 3L)
Batting: SHB Aurelio Jiménez 0-0: Ground out 4-3 (Groundball, 34D)
Top of the 1st over - 0 run(s), 0 hit(s), 0 error(s), 0 left on base; Bellevue 0 - Syracuse 0
BOTTOM OF THE 1ST
Syracuse Storm batting - Pitching for Bellevue Bruins : RHP Loren Berdine
Pitching: RHP Loren Berdine
Batting: LHB Juan Caro 0-0: Foul Ball, location: 2F
0-1: Ball
1-1: Hit by Pitch
Batting: LHB António Paez 0-0: Ball
1-0: Swinging Strike
1-1: Foul Ball, location: 2F
1-2: Fielders Choice at 2nd, 4-6 (Groundball, 4)
Batting: RHB Scotty Smalls 0-0: Ball
1-0: Ball
2-0: Foul Ball, location: 2F
2-1: Foul Ball, location: 2F
2-2: Foul Ball, location: 2F
2-2: Grounds into double play, 5-4-3 (Groundball, 56)
Bottom of the 1st over - 0 run(s), 0 hit(s), 0 error(s), 0 left on base; Bellevue 0 - Syracuse 0
TOP OF THE 2ND
Bellevue Bruins batting - Pitching for Syracuse Storm : RHP Matthew Fallows
Batting: RHB Miguel Elías 0-0: Ball
1-0: Fly out, F5 (Popup, 56D)
Batting: RHB Richard Cutshall 0-0: Swinging Strike
0-1: Ball
1-1: Swinging Strike
1-2: Ground out 4-3 (Groundball, 4)
Batting: SHB Júlio Morín Jr. 0-0: Ball
1-0: Foul Ball, location: 2F
1-1: Foul Ball, location: 2F
1-2: Fly out, F9 (Flyball, 9LS)
Top of the 2nd over - 0 run(s), 0 hit(s), 0 error(s), 0 left on base; Bellevue 0 - Syracuse 0
BOTTOM OF THE 2ND
Syracuse Storm batting - Pitching for Bellevue Bruins : RHP Loren Berdine
Batting: RHB Tommy Caplinger 0-0: Ball
1-0: Ball
2-0: Ball
3-0: Base on Balls
Batting: RHB Vince Staples 0-0: Called Strike
0-1: Ball
1-1: Ball
2-1: Swinging Strike
2-2: Strikes out swinging
Batting: LHB Juan Jimínez 0-0: Fly out, F9 (Flyball, 9D)
Batting: RHB Harry MacCash 0-0: Foul Ball, location: 2F
0-1: Ball
1-1: SINGLE (Line Drive, 8LS)
Tommy Caplinger to second
Batting: RHB Aethelwulf Haraldson 0-0: Ball
1-0: Ball
2-0: Swinging Strike
2-1: Fly out, F3 (Line Drive, 34)
Bottom of the 2nd over - 0 run(s), 1 hit(s), 0 error(s), 2 left on base; Bellevue 0 - Syracuse 0
TOP OF THE 3RD
Bellevue Bruins batting - Pitching for Syracuse Storm : RHP Matthew Fallows
Batting: LHB José Vázquez 0-0: Called Strike
0-1: Ball
1-1: Called Strike
1-2: Fly out, F2 (Popup, 2R)
Batting: LHB David Muller 0-0: Ground out 1-3 (Groundball, 13)
Batting: RHB Ramón Ramírez 0-0: Ball
1-0: Ball
2-0: Ball
3-0: Called Strike
3-1: Fly out, F7 (Flyball, 78M)
Top of the 3rd over - 0 run(s), 0 hit(s), 0 error(s), 0 left on base; Bellevue 0 - Syracuse 0
BOTTOM OF THE 3RD
Syracuse Storm batting - Pitching for Bellevue Bruins : RHP Loren Berdine
Batting: RHB Tsuginori Kobayashi 0-0: Ball
1-0: Swinging Strike
1-1: Fly out, F8 (Flyball, 8RD)
Batting: LHB Juan Caro 0-0: Called Strike
0-1: Ball
1-1: Swinging Strike
1-2: Ball
2-2: SINGLE (Groundball, 34) (infield hit)
Batting: LHB António Paez 0-0: Ball
Juan Caro is caught stealing 2nd base
1-0: Ball
2-0: Called Strike
2-1: Ground out 4-3 (Groundball, 4)
Bottom of the 3rd over - 0 run(s), 1 hit(s), 0 error(s), 0 left on base; Bellevue 0 - Syracuse 0
TOP OF THE 4TH
Bellevue Bruins batting - Pitching for Syracuse Storm : RHP Matthew Fallows
Batting: RHB Ernesto Trevino 0-0: Ground out 5-3 (Groundball, 5L)
Batting: LHB Domingo Colón 0-0: Ball
1-0: Ball
2-0: Ball
3-0: Base on Balls
Batting: SHB Aurelio Jiménez 0-0: Called Strike
0-1: Ball
1-1: Called Strike
1-2: Ball
2-2: Fielders Choice at 2nd, 4-6 (Groundball, 4M)
Batting: RHB Miguel Elías 0-0: Called Strike
0-1: Swinging Strike
0-2: Foul Ball, location: 2F
0-2: Strikes out looking
Top of the 4th over - 0 run(s), 0 hit(s), 0 error(s), 1 left on base; Bellevue 0 - Syracuse 0
BOTTOM OF THE 4TH
Syracuse Storm batting - Pitching for Bellevue Bruins : RHP Loren Berdine
Batting: RHB Scotty Smalls 0-0: SINGLE (Line Drive, 9S)
Batting: RHB Tommy Caplinger 0-0: Called Strike
0-1: Ball
1-1: Ball
2-1: SINGLE (Flyball, 89S)
Scotty Smalls to second
Runner from 2nd tries for 3rd, SAFE, no throw
Batting: RHB Vince Staples 0-0: Ball
1-0: Swinging Strike
1-1: Foul Ball, location: 2F
1-2: Strikes out swinging
Batting: LHB Juan Jimínez 0-0: Fly out, F9 (Flyball, 89S)
Batting: RHB Harry MacCash 0-0: Foul Ball, location: 2F
0-1: 3-RUN HOME RUN (Flyball, 8LXD), Distance : 446 ft
Batting: RHB Aethelwulf Haraldson 0-0: Swinging Strike
0-1: Ball
1-1: Foul Ball, location: 2F
1-2: Fly out, F3 (Popup, 34S)
Bottom of the 4th over - 3 run(s), 3 hit(s), 0 error(s), 0 left on base; Bellevue 0 - Syracuse 3
TOP OF THE 5TH
Bellevue Bruins batting - Pitching for Syracuse Storm : RHP Matthew Fallows
Batting: RHB Richard Cutshall 0-0: Swinging Strike
0-1: Called Strike
0-2: Ball
1-2: Ball
2-2: Fly out, F9 (Flyball, 9D)
Batting: SHB Júlio Morín Jr. 0-0: Foul Ball, location: 2F
0-1: Called Strike
0-2: Foul Ball, location: 2F
0-2: TRIPLE (Flyball, 89XD)
Batting: LHB José Vázquez 0-0: SINGLE (Groundball, 34D)
Júlio Morín Jr. scores
Batting: LHB David Muller 0-0: Ball
1-0: Foul Ball, location: 2F
1-1: Called Strike
1-2: Foul Ball, location: 2F
1-2: Fielders Choice at 2nd, 3-6 (Groundball, 34)
Batting: RHB Ramón Ramírez 0-0: Ball
1-0: DOUBLE (Line Drive, 7LM)
David Muller to third
Batting: RHB Ernesto Trevino 0-0: Called Strike
0-1: Swinging Strike
0-2: Ball
1-2: Ground out U3 (Groundball, 34)
Top of the 5th over - 1 run(s), 3 hit(s), 0 error(s), 2 left on base; Bellevue 1 - Syracuse 3
BOTTOM OF THE 5TH
Syracuse Storm batting - Pitching for Bellevue Bruins : RHP Loren Berdine
Batting: RHB Tsuginori Kobayashi 0-0: Called Strike
0-1: Swinging Strike
0-2: Strikes out looking
Batting: LHB Juan Caro 0-0: Called Strike
0-1: Ball
1-1: Ball
2-1: Ball
3-1: Swinging Strike
3-2: Strikes out swinging
Batting: LHB António Paez 0-0: Ball
1-0: Ball
2-0: Ball
3-0: Called Strike
3-1: SINGLE (Line Drive, 89M)
Batting: RHB Scotty Smalls 0-0: Ball
1-0: Fielders Choice at 2nd, 4-6 (Groundball, 4)
Bottom of the 5th over - 0 run(s), 1 hit(s), 0 error(s), 0 left on base; Bellevue 1 - Syracuse 3
TOP OF THE 6TH
Bellevue Bruins batting - Pitching for Syracuse Storm : RHP Matthew Fallows
Batting: LHB Domingo Colón 0-0: Ball
1-0: Ball
2-0: Ball
3-0: Base on Balls
Batting: SHB Aurelio Jiménez 0-0: Ball
1-0: Called Strike
1-1: Ball
2-1: Fielders Choice at 2nd, 4-6 (Groundball, 4)
Batting: RHB Miguel Elías 0-0: Ball
Aurelio Jiménez steals 2nd base
1-0: Foul Ball, location: 2F
1-1: Foul Ball, location: 2F
1-2: Ground out 6-3 (Groundball, 6)
Batting: RHB Richard Cutshall 0-0: Ground out 4-3 (Groundball, 34)
Top of the 6th over - 0 run(s), 0 hit(s), 0 error(s), 1 left on base; Bellevue 1 - Syracuse 3
BOTTOM OF THE 6TH
Syracuse Storm batting - Pitching for Bellevue Bruins : RHP Loren Berdine
Batting: RHB Tommy Caplinger 0-0: Fly out, F9 (Flyball, 9)
Batting: RHB Vince Staples 0-0: Ball
1-0: Ball
2-0: Ball
3-0: Called Strike
3-1: Base on Balls
Batting: LHB Juan Jimínez 0-0: Called Strike
0-1: SINGLE (Groundball, 4S) (infield hit)
Vince Staples to second
Batting: RHB Harry MacCash 0-0: Called Strike
0-1: Ball
1-1: Ball
2-1: Foul Ball, location: 2F
2-2: Strikes out swinging
Batting: RHB Aethelwulf Haraldson 0-0: Foul Ball, location: 2F
0-1: Ground out 3-1 (Groundball, 2R)
Bottom of the 6th over - 0 run(s), 1 hit(s), 0 error(s), 2 left on base; Bellevue 1 - Syracuse 3
TOP OF THE 7TH
Bellevue Bruins batting - Pitching for Syracuse Storm : RHP Matthew Fallows
Batting: SHB Júlio Morín Jr. 0-0: Called Strike
0-1: Called Strike
0-2: Ball
1-2: Ball
2-2: Fly out, F8 (Flyball, 8RS)
Batting: LHB José Vázquez 0-0: Ball
1-0: Fly out, F8 (Flyball, 8LD)
Batting: LHB David Muller 0-0: Ball
1-0: Called Strike
1-1: Fly out, F6 (Line Drive, 6MD)
Top of the 7th over - 0 run(s), 0 hit(s), 0 error(s), 0 left on base; Bellevue 1 - Syracuse 3
BOTTOM OF THE 7TH
Syracuse Storm batting - Pitching for Bellevue Bruins : RHP Loren Berdine
Batting: RHB Tsuginori Kobayashi 0-0: Ball
1-0: Swinging Strike
1-1: Ball
2-1: Ball
3-1: Base on Balls
Batting: LHB Juan Caro 0-0: Ball
1-0: Bunted foul
1-1: Bunted foul
1-2: Fly out, F3 (Popup, 3L)
Batting: LHB António Paez 0-0: Foul Ball, location: 2F
0-1: Foul Ball, location: 2F
0-2: Ball
Balk!
Tsuginori Kobayashi to second
1-2: Foul Ball, location: 2F
1-2: Strikes out looking
Batting: RHB Scotty Smalls 0-0: Called Strike
0-1: Ground out 5-3 (Groundball, 5S)
Bottom of the 7th over - 0 run(s), 0 hit(s), 0 error(s), 1 left on base; Bellevue 1 - Syracuse 3
TOP OF THE 8TH
Bellevue Bruins batting - Pitching for Syracuse Storm : RHP Matthew Fallows
Batting: RHB Ramón Ramírez 0-0: Ball
1-0: Ball
2-0: Ground out 6-3 (Groundball, 6)
Batting: RHB Ernesto Trevino 0-0: Swinging Strike
0-1: Foul Ball, location: 2F
0-2: Ground out 5-3 (Groundball, 56S)
Batting: LHB Domingo Colón 0-0: Ball
1-0: Foul Ball, location: 2F
1-1: Ground out 6-3 (Groundball, 6)
Top of the 8th over - 0 run(s), 0 hit(s), 0 error(s), 0 left on base; Bellevue 1 - Syracuse 3
BOTTOM OF THE 8TH
Syracuse Storm batting - Pitching for Bellevue Bruins : RHP Loren Berdine
Pitching: RHP Mike Jenson
Batting: RHB Tommy Caplinger 0-0: Ball
1-0: Ball
2-0: SINGLE (Line Drive, 56)
Batting: RHB Vince Staples 0-0: 2-RUN HOME RUN (Flyball, 89XD), Distance : 441 ft
Batting: LHB Juan Jimínez 0-0: Ball
1-0: Swinging Strike
1-1: Ball
2-1: Swinging Strike
2-2: Ball
3-2: Strikes out swinging
Batting: RHB Harry MacCash 0-0: Called Strike
0-1: SINGLE (Groundball, 6D)
Batting: RHB Aethelwulf Haraldson 0-0: Called Strike
0-1: Ball
1-1: Ball
2-1: Ball
3-1: Foul Ball, location: 2F
3-2: Foul Ball, location: 2F
3-2: Base on Balls
Harry MacCash to second
Batting: RHB Tsuginori Kobayashi 0-0: Ball
Harry MacCash steals 3rd base
Aethelwulf Haraldson to second
1-0: Fly out, F9 (Flyball, 9LSF)
Batting: LHB Juan Caro 0-0: Foul Ball, location: 2F
0-1: Ball
1-1: Fly out, F7 (Flyball, 7)
Bottom of the 8th over - 2 run(s), 3 hit(s), 0 error(s), 2 left on base; Bellevue 1 - Syracuse 5
TOP OF THE 9TH
Bellevue Bruins batting - Pitching for Syracuse Storm : RHP Matthew Fallows
Batting: SHB Aurelio Jiménez 0-0: Foul Ball, location: 2F
0-1: Ground out U3 (Groundball, 34)
Batting: RHB Miguel Elías 0-0: Called Strike
0-1: Called Strike
0-2: Ground out 4-3 (Groundball, 4)
Batting: RHB Richard Cutshall 0-0: Ball
1-0: Ball
2-0: Ball
3-0: Called Strike
3-1: SINGLE (Line Drive, 9LM)
Batting: SHB Júlio Morín Jr. 0-0: Ball
1-0: Ball
2-0: Swinging Strike
2-1: Swinging Strike
2-2: Foul Ball, location: 2F
2-2: Strikes out swinging
Top of the 9th over - 0 run(s), 1 hit(s), 0 error(s), 1 left on base; Bellevue 1 - Syracuse 5
Thursday, August 31st, 2017 - OOTP Baseball 17.12 Build 75